 Dungeon Crawl Stone Soup version 0.26.1-11-gd32895ea62 (webtiles) character file.

Game seed: 10782220883075206360

26028 ZappyNine the Carver (level 13, -1/103 HPs)
             Began as a Formicid Fighter on May 18, 2021.
             Was a Priest of Qazlal.
             Slain by a 15-headed hydra (3 damage)
             ... on level 2 of the Lair of Beasts.
             The game lasted 00:22:50 (13630 turns).

ZappyNine the Carver (Formicid Fighter)            Turns: 13630, Time: 00:22:50

Health: -1/103     AC: 14    Str: 26    XL:     13   Next: 55%
Magic:  0/29       EV: 14    Int: 12    God:    Qazlal [***...]
Gold:   233        SH: 20    Dex: 10    Spells: 12/12 levels left

rFire    . . .     SeeInvis +   x - +8 long sword (elec)
rCold    + + .     Faith    .   c - +4 kite shield
rNeg     . . .     Spirit   +   j - +3 troll leather armour {Snorg}
rPois    .         Reflect  .   (helmet unavailable)
rElec    +         Harm     .   B - +0 cloak of the Vanishing Violins {Rampage *Drain Will+ SInv}
rCorr    .         Rampage  +   m - +2 pair of gloves
Will     ++...                  q - +0 pair of boots
Stlth    +.........             n - amulet of guardian spirit
HPRegen  0.67/turn              E - ring of Ohuun {*Drain rElec rC++ Int+4 SInv}
MPRegen  0.21/turn              w - ring of magical power

@: no status effects
A: permanent stasis, dig shafts and tunnels, four strong arms, antennae 3
a: Dig, Shaft Self, Renounce Religion, Upheaval, Elemental Force


You were on level 2 of the Lair of Beasts.
You worshipped Qazlal.
Qazlal was most pleased with you.
You visited 3 branches of the dungeon, and saw 15 of its levels.

You collected 873 gold pieces.
You spent 640 gold pieces at shops.

Inventory:

Hand Weapons
 x - a +8 long sword of electrocution (weapon)
 D - the +4 trident "Giantbane" {freeze, +Fly Str-3 Dex+4 SInv}
   (You found it on level 9 of the Dungeon)

   It has been specially enchanted to freeze those struck by it, causing extra
   injury to most foes and up to half again as much damage against particularly
   susceptible opponents.
   It can also slow down cold-blooded creatures.
   It affects your strength (-3).
   It affects your dexterity (+4).
   It lets you see invisible.
   It lets you fly.
Armour
 a - a +1 scale mail of cold resistance
 c - a +4 kite shield (worn)
 f - a +0 cloak
 g - +0 acid dragon scales
 j - a +3 troll leather armour (worn) {Snorg}
 m - a +2 pair of gloves (worn)
 q - a +0 pair of boots (worn)
 B - the +0 cloak of the Vanishing Violins (worn) {Rampage *Drain Will+ SInv}
   (You acquired it on level 12 of the Dungeon)

   It affects your willpower, your defense against some magical effects.
   It lets you see invisible.
   It causes draining when unequipped.
   It bestows one free step when moving towards enemies.
Jewellery
 h - an uncursed ring of protection from fire
 i - an uncursed ring of ice
 n - an amulet of guardian spirit (around neck)
 u - a +6 ring of intelligence
 w - a ring of magical power (right hand)
 A - an uncursed ring of fire
 C - an uncursed ring of poison resistance
 E - the ring of Ohuun (left hand) {*Drain rElec rC++ Int+4 SInv}
   (You bought it in a shop on level 4 of the Dungeon)

   [ring of see invisible]

   It affects your intelligence (+4).
   It greatly protects you from cold.
   It insulates you from electricity.
   It lets you see invisible.
   It causes draining when unequipped.
 F - an uncursed ring of ice
Wands
 r - a wand of enslavement (6)
 s - a wand of flame (9)
 y - a wand of polymorph (11)
Scrolls
 e - 6 scrolls of remove curse
 o - a scroll of identify
 p - a scroll of fear
 t - 2 scrolls of fog
Potions
 b - 2 potions of mutation {unknown}
 d - 2 potions of might
 k - 4 potions of magic {unknown}
 l - 2 potions of curing
 z - 2 potions of brilliance {unknown}


   Skills:
 + Level 10.1 Fighting
 + Level 12.0 Long Blades
 + Level 9.3 Armour
 - Level 7.1 Dodging
 + Level 10.9 Shields
 - Level 10.3 Invocations


You had 12 spell levels left.
You didn't know any spells.
Your spell library contained the following spells:

 Spells                   Type           Power        Failure   Level
 Animate Skeleton         Necr           0%           36%         1
 Apportation              Tloc           0%           36%         1
 Corona                   Hex            0%           36%         1
 Sandblast                Erth           0%           36%         1
 Summon Small Mammal      Summ           0%           36%         1
 Call Imp                 Summ           0%           50%         2
 Passwall                 Tmut/Erth      0%           50%         2
 Call Canine Familiar     Summ           0%           73%         3
 Confusing Touch          Hex            0%           73%         3
 Gell's Gravitas          Tloc           0%           73%         3
 Stone Arrow              Conj/Erth      0%           73%         3
 Summon Guardian Golem    Hex/Summ       0%           73%         3
 Petrify                  Tmut/Erth      0%           98%         4
 Summon Ice Beast         Ice/Summ       0%           98%         4
 Summon Lightning Spire   Summ/Air       0%           98%         4
 Lee's Rapid Deconstruct  Erth           0%           100%        5
 Metabolic Englaciation   Hex/Ice        0%           100%        5
 Yara's Violent Unravell  Hex/Tmut       0%           100%        5
 Chain Lightning          Conj/Air       0%           100%        8
 Lehudib's Crystal Spear  Conj/Erth      0%           100%        8
 Absolute Zero            Ice            0%           100%        9
 Fire Storm               Conj/Fire      0%           100%        9


Dungeon Overview and Level Annotations

Branches:
Dungeon (12/15)            Temple (1/1) D:4            Lair (2/6) D:9
    Orc (0/2) D:11
  Swamp: Lair:2-4    Shoals: Lair:2-4     Snake: Lair:2-4    Spider: Lair:2-4

Altars:
Ashenzari
Cheibriados
Dithmenos
Elyvilon
Fedhas
Gozag
Hepliaklqana
Kikubaaqudgha
Makhleb
Nemelex Xobeh
Okawaru
Qazlal
Ru
Sif Muna
Trog
Uskayaw
Vehumet
Wu Jian
Xom
Yredelemnul
Zin
The Shining One

Shops:
D:4 =   D:6 (   D:10 }   D:11 [

Annotations:
D:4 2 transporters, Menkaure


Innate Abilities, Weirdness & Mutations

You cannot be hasted, slowed, berserked, paralysed or teleported.
You can dig through walls and to a lower floor.
Your four strong arms can wield two-handed weapons with a shield.
You have a pair of large antennae on your head. (SInv)


Message History

The 14-headed hydra bites you.
* * * LOW HITPOINT WARNING * * *
The 14-headed hydra bites you!
* * * LOW HITPOINT WARNING * * *
Unknown command.
Unknown command.
You slice one of the 14-headed hydra's heads off!
The 13-headed hydra grows two more!
You hit the 15-headed hydra.
The 15-headed hydra is severely wounded.
You block the 15-headed hydra's attack. The 15-headed hydra bites you.
* * * LOW HITPOINT WARNING * * *
You block the 15-headed hydra's attack.
The 15-headed hydra bites you but does no damage.
You block the 15-headed hydra's attack.
The 15-headed hydra bites you but does no damage.
The 15-headed hydra bites you!
* * * LOW HITPOINT WARNING * * *
The 15-headed hydra bites you but does no damage.
The 15-headed hydra closely misses you. The 15-headed hydra bites you.
You die...

#.#. #...######
#....#...#
#........
##.......#
.........### .#
P###......D...#..P
... #l..°@?#.....
..####.○....P# ..#
#P..#####
#.###....# #..
#.##P....# ...
##........# ...{.
###..#..#.###
#...###.....###.P#
....#.#....## ####


You could see a 15-headed hydra and a komodo dragon.

Vanquished Creatures
  Snorg (D:10)
  A boulder beetle (D:12)
  2 hydras
  Fannar (Lair:2)
  A catoblepas (Lair:2)
  3 two-headed ogres
  Nergalle (D:10)
  5 skeletal warriors (D:11)
  2 unseen horrors
  Pikel (D:4)
  An ugly thing (D:11)
  A cyclops (D:11)
  A centaur skeleton (D:11)
  3 cane toads (Lair:1)
  A komodo dragon (D:10)
  2 trolls
  A hornet (D:10)
  Prince Ribbit (D:5)
  9 slime creatures (D:12)
  A wraith (D:11)
  A shadow (D:11)
  10 yaks
  A vampire (D:12)
  A wyvern (D:12)
  2 basilisks (Lair:1)
  4 wargs (D:11)
  7 water moccasins
  An acid dragon (D:11)
  Duvessa (D:4)
  3 sky beasts
  A phantom (D:4)
  4 black bears
  2 ice beasts
  3 eyes of draining
  7 orc warriors
  5 necrophages
  4 wolves (Lair:1)
  An ogre (D:10)
  10 centaurs
  A lemure (D:4)
  A big kobold (D:8)
  A wyvern zombie (D:11)
  12 bullfrogs
  Dowan (D:4)
  A scorpion (D:10)
  3 wyvern skeletons
  6 killer bees (D:8)
  13 wights
  3 electric eels (Lair:1)
  3 bullfrog zombies
  A quasit (D:9)
  A centaur zombie (D:12)
  7 hounds
  A jelly (D:11)
  3 orc priests
  11 orc wizards
  2 bullfrog skeletons
  Ijyb (D:3)
  5 iguanas
  4 worker ants
  2 hound zombies
  A hound skeleton (D:10)
  3 worker ant zombies
  A howler monkey zombie (D:10)
  4 gnolls (D:5)
  18 adders
  4 shadow imps
  2 white imps
  An ufetubus (D:8)
  2 oozes
  An adder skeleton (D:7)
  4 worms
  2 dart slugs (D:1)
  3 leopard geckos
  37 orcs
  A ball python (D:3)
  6 bats
  5 giant cockroaches
  11 goblins
  12 hobgoblins
  15 jackals
  13 kobolds
  5 quokkas
  A ball python skeleton (D:5)
  6 frilled lizards
  A quokka skeleton (D:5)
  5 rats
354 creatures vanquished.

Vanquished Creatures (others)
  3 fungi (Lair:2)
  18 plants
21 creatures vanquished.

Grand Total: 375 creatures vanquished

Notes
Turn   | Place    | Note
-------+----------+-------------------------------------------
     0 | D:1      | ZappyNine the Formicid Fighter began the quest for the Orb.
     0 | D:1      | Reached XP level 1. HP: 18/18 MP: 1/1
    93 | D:1      | Reached XP level 2. HP: 22/24 MP: 2/2
   311 | D:1      | Reached XP level 3. HP: 27/29 MP: 3/3
   776 | D:2      | Reached skill level 3 in Long Blades
   839 | D:2      | Found a burning altar of Makhleb.
   848 | D:2      | Reached XP level 4. HP: 37/37 MP: 4/4
  1079 | D:2      | Reached XP level 5. HP: 22/42 MP: 5/5
  1362 | D:2      | Found an ornate altar of the Wu Jian Council.
  1581 | D:2      | Found a sacrificial altar of Ru.
  1750 | D:3      | Reached skill level 4 in Long Blades
  1781 | D:3      | Noticed Ijyb
  1806 | D:3      | Killed Ijyb
  1992 | D:3      | Reached XP level 6. HP: 46/47 MP: 6/6
  2582 | D:4      | Noticed a phantom
  2610 | D:4      | Killed a phantom
  2611 | D:4      | Reached skill level 5 in Shields
  2721 | D:4      | Noticed Duvessa
  2722 | D:4      | Noticed Dowan
  2746 | D:4      | Killed Duvessa
  2747 | D:4      | Reached skill level 5 in Fighting
  2747 | D:4      | Reached skill level 5 in Long Blades
  2747 | D:4      | Reached XP level 7. HP: 17/56 MP: 7/7
  2751 | D:4      | Killed Dowan
  2956 | D:4      | Found a stormy altar of Qazlal.
  3251 | D:4      | Noticed a +0 dagger
  3251 | D:4      | Noticed a -2 dagger
  3252 | D:4      | Found a hide-covered altar of Uskayaw.
  3323 | D:4      | Found Suzaetra's Jewellery Shoppe.
  3392 | D:4      | Found a transporter.
  3424 | D:4      | Found a staircase to the Ecumenical Temple.
  3549 | D:4      | Found an ancient bone altar of Kikubaaqudgha.
  3554 | D:4      | Noticed Menkaure
  3560 | D:4      | Found a basalt altar of Yredelemnul.
  3563 | D:4      | Found a transporter.
  3584 | D:4      | Noticed Pikel
  3596 | D:4      | Killed Pikel
  3597 | D:4      | Reached skill level 7 in Long Blades
  3597 | D:4      | Reached XP level 8. HP: 55/62 MP: 6/8
  3947 | D:5      | Entered Level 5 of the Dungeon
  4163 | D:5      | Reached skill level 8 in Long Blades
  4203 | D:5      | Found an opulent altar of Gozag.
  4405 | D:5      | Noticed Prince Ribbit
  4417 | D:5      | Killed Prince Ribbit
  5058 | D:6      | Found an iron altar of Okawaru.
  5073 | D:6      | Reached skill level 9 in Long Blades
  5164 | D:6      | Reached XP level 9. HP: 68/68 MP: 9/9
  5198 | D:6      | Found Jaost's Antique Weapon Shoppe.
  5209 | D:6      | Noticed a troll
  5222 | D:6      | Killed a troll
  5554 | D:6      | Noticed a two-headed ogre
  5561 | D:6      | Killed a two-headed ogre
  5562 | D:6      | Reached skill level 10 in Long Blades
  5562 | D:6      | Reached skill level 5 in Armour
  5963 | D:7      | Reached XP level 10. HP: 77/77 MP: 10/10
  5965 | D:7      | Found a radiant altar of Vehumet.
  6996 | D:8      | Found a sparkling altar of Nemelex Xobeh.
  7383 | D:8      | Found a hazy altar of Hepliaklqana.
  7384 | D:8      | Found a shimmering altar of Xom.
  7385 | D:8      | Noticed a spectral ugly thing
  7455 | D:8      | Found a blossoming altar of Fedhas.
  7568 | D:8      | Found a glowing silver altar of Zin.
  8124 | D:9      | Noticed an unseen horror
  8130 | D:9      | Killed an unseen horror
  8269 | D:9      | Got an ancient trident
  8270 | D:9      | Identified the +4 trident "Giantbane" {freeze, +Fly Str-3
                  | Dex+4 SInv} (You found it on level 9 of the Dungeon)
  8401 | D:9      | Reached XP level 11. HP: 86/86 MP: 11/11
  8514 | D:9      | Found a broken altar of Ashenzari.
  8527 | D:9      | Found a staircase to the Lair.
  8787 | Temple   | Entered the Ecumenical Temple
  8978 | Temple   | Became a worshipper of Qazlal Stormbringer
  9131 | D:10     | Entered Level 10 of the Dungeon
  9237 | D:10     | Noticed Nergalle
  9243 | D:10     | Killed Nergalle
  9244 | D:10     | Reached skill level 11 in Long Blades
  9365 | D:10     | Reached skill level 1 in Invocations
  9442 | D:10     | Found Fineog's Gadget Shop.
  9592 | D:10     | Reached skill level 5 in Invocations
  9763 | D:10     | Reached * piety under Qazlal
  9825 | D:10     | Noticed Snorg
  9837 | D:10     | Killed Snorg
 10248 | D:11     | Found Fefusm's Antique Armour Shop.
 10313 | D:11     | Noticed a cyclops
 10354 | D:11     | Killed a cyclops
 10408 | D:11     | Noticed a skeletal warrior
 10408 | D:11     | Noticed a skeletal warrior
 10408 | D:11     | Noticed a skeletal warrior
 10408 | D:11     | Noticed a skeletal warrior
 10435 | D:11     | Killed a skeletal warrior
 10452 | D:11     | Killed a skeletal warrior
 10459 | D:11     | Killed a skeletal warrior
 10460 | D:11     | Reached XP level 12. HP: 72/94 MP: 19/19
 10463 | D:11     | Killed a skeletal warrior
 10464 | D:11     | Reached skill level 10 in Invocations
 10518 | D:11     | Noticed a skeletal warrior
 10539 | D:11     | Killed a skeletal warrior
 10891 | D:11     | Found a staircase to the Orcish Mines.
 10909 | D:11     | Reached ** piety under Qazlal
 11089 | D:11     | Reached skill level 5 in Dodging
 11625 | D:12     | Noticed a two-headed ogre
 11642 | D:12     | Killed a two-headed ogre
 11707 | D:12     | Noticed an unseen horror
 11708 | D:12     | Found a white marble altar of Elyvilon.
 11716 | D:12     | Killed an unseen horror
 11717 | D:12     | Noticed a five-headed hydra
 11730 | D:12     | Killed an 11-headed hydra
 11736 | D:12     | Reached *** piety under Qazlal
 11737 | D:12     | Reached XP level 13. HP: 62/101 MP: 16/20
 11787 | D:12     | Reached skill level 10 in Shields
 12095 | D:12     | Noticed a boulder beetle
 12104 | D:12     | Killed a boulder beetle
 12364 | D:12     | Got an ichor-stained leather armour
 12365 | D:12     | Identified the +1 leather armour of Mirryll {Harm} (You
                  | found it on level 12 of the Dungeon)
 12367 | D:12     | Identified a scroll of acquirement
 12367 | D:12     | Acquired the +0 cloak of the Vanishing Violins {Rampage
                  | *Drain Will+ SInv}
 12705 | D:4      | Bought the ring of Ohuun {*Drain rElec rC++ Int+4 SInv} for
                  | 640 gold pieces
 12832 | Lair:1   | Entered Level 1 of the Lair of Beasts
 13506 | Lair:2   | Noticed Fannar
 13506 | Lair:2   | Noticed an eight-headed hydra
 13511 | Lair:2   | Killed an 11-headed hydra
 13516 | Lair:2   | Killed Fannar
 13521 | Lair:2   | Reached skill level 10 in Fighting
 13521 | Lair:2   | Noticed a catoblepas
 13541 | Lair:2   | Killed a catoblepas
 13542 | Lair:2   | Reached skill level 12 in Long Blades
 13618 | Lair:2   | Noticed an eight-headed hydra
 13630 | Lair:2   | HP: 2/103 [15-headed hydra (12)]
 13630 | Lair:2   | Slain by a 15-headed hydra

Illustrated notes

Levels and vault maps discovered:
D:1:      dpeg_arrival_stonehenge_12_columns, layout_loops_ring,
          minmay_tiny_reverse_x
D:2:      layout_rooms, nicolae_overflow_crystal_walls,
          makhleb_heckhound_becter, serial_forest,
          infiniplex_forest_lined_4_way, infiniplex_forest_clump_small,
          infiniplex_forest_zigzag_1, infiniplex_forest_clump_curved,
          nicolae_ru_path_of_blood
D:3:      kennysheep_the_goblin_king, layout_loops_ring
D:4:      layout_basic, gammafunk_temple_of_torment, dancing_weapons_uskayaw,
          temple_green, serial_shops,
          nicolae_shop_temple_entry_statues_fountains,
          nicolae_qazlal_general_emergency, uniq_pikel, uniq_duvessa,
          uniq_menkaure
D:5:      layout_loops_corners, lemuel_crystal_altar, uniq_prince_ribbit1
D:6:      layout_loops_ring, okawaru_ov_weapons_minmay, serial_shops, shop
D:7:      layout_loops_corners, vehumet_altar_wand_db
D:8:      layout_cave_pools, zin_scriptorium, nemelex_xobeh_ov_fountains_minmay,
          regret_index_temple_of_mockery, serial_rivers,
          chequers_serial_rivers_marsh, chequers_serial_rivers_micro_b,
          chequers_serial_rivers_micro_a, chequers_serial_rivers_room_a,
          chequers_serial_rivers_room_b, fedhas_ov_isle_minmay
D:9:      layout_loops_ring, cheibrodos_ashenzari_chains, lair_entry_dummy,
          columned_hall_lemuel, small_statue_alley_b, minivault_19
D:10:     layout_loops_corners, serial_shops, shop, uniq_snorg, uniq_nergalle
D:11:     layout_basic, minmay_orc_entry_guard_dogs, serial_shops,
          nicolae_shop_overgrown_old_shop
D:12:     layout_long_grid, serial_rivers, chequers_serial_rivers_micro_b,
          chequers_serial_rivers_room_a, chequers_serial_rivers_micro_e,
          chequers_serial_rivers_large_b, serial_bayou_pond_a, elyvilon_altar_5
Temple:   compressed_dpeg_triangle_lava_temple
Lair:1:   layout_hall_layers, disabler_island, lemuel_fruit_fields
Lair:2:   layout_misc_corridors, minmay_shoals_entry_centaurs,
          roderic_carrion_pond, uniq_fannar

Skill      XL: |  1  2  3  4  5  6  7  8  9 10 11 12 13 |
---------------+----------------------------------------+-----
Shields        | 4 5 7 9 10 | 10.9
Long Blades    | 3 4 5 7 9 10 11 12 | 12.0
Fighting       | 4 5 6 8 9 10 | 10.1
Armour         | 5 7 8 9 |  9.3
Invocations    | 9 10 | 10.3
Dodging        | 7 |  7.1

Action                   |  1- 3 |  4- 6 |  7- 9 | 10-12 | 13-15 || total
-------------------------+-------+-------+-------+-------+-------++-------
Melee: Long sword        |    96 |   257 |   145 |   585 |   159 ||  1242
Invok: Elemental Force   |       |       |       |       |     1 ||     1
 Abil: Dig               |       |     4 |     1 |    11 |     3 ||    19
Evoke: Wand              |       |       |       |     3 |       ||     3
  Use: Potion            |       |     4 |     8 |     4 |     5 ||    21
       Scroll            |       |       |    11 |     8 |     4 ||    23
 Stab: Invisible         |       |       |     2 |     1 |       ||     3
       Distracted        |       |       |       |       |     1 ||     1
Armor: Scale mail        |    50 |   100 |    30 |       |       ||   180
       Troll leather arm |       |       |     4 |   102 |    40 ||   146
Dodge: Dodged            |    49 |    97 |    32 |   163 |    60 ||   401
Block: Kite shield       |    49 |   148 |    73 |   401 |   152 ||   823
       Rpst.: Long sword |    19 |    30 |    10 |    45 |    12 ||   116
